AoeStats
← Tchitchi d'Afflelou

African Clearing

510406453Analyzed
4v4 RM · 3d ago on Sep 30, 2026· 52m 45s· 8 players
Game mode
Random Map
Map size
Large (8 player)
Population
200
Speed
Normal
Resources
Standard
Victory
Conquest
Starting age
Dark Age
Ending age
Imperial Age
RankedLock teamsTeams togetherTeam positionsShared explorationLock speedFull tech treeHidden civsTurbo modeCheats
Victory
Defeat
🇫🇷 Vietnamese · France
1434
+13
🇩🇪 Lithuanians · Germany
1424
+14
🇨🇦 Koreans · Canada
1378
+16
🇱🇹 Berbers · Lithuania
1303
+19
🇩🇪 Wu · Germany
1466
-19
🇮🇳 Wei · India
1437
-18
🇦🇷 Khmer · Argentina
1334
-14
🇦🇷 Maya · Argentina
1260
-11
GOAT Gobz
3:46 Loom
13:42 Feudal Age
14:53 Double-Bit Axe
17:55 Castle Age
19:18 Bow Saw
20:37 Scale Mail Armor
20:51 Forging
22:08 Arson
24:58 Wheelbarrow
24:52 Squires
25:07 Horse Collar
26:10 Chain Mail Armor
28:00 Hand Cart
28:06 Heavy Plow
28:30 Fletching
29:06 Bodkin Arrow
31:30 Ballistics
31:06 Murder Holes
33:30 Treadmill Crane
37:28 Iron Casting
40:31 Imperial Age
37:47 Town Watch
38:49 Eupseong
41:35 Guilds
40:49 Pikeman
42:46 Chemistry
41:54 Bracer
42:24 Plate Mail Armor
42:47 Conscription
43:27 Thumb Ring
42:46 Elite Genitour
43:51 Masonry
43:46 Elite War Wagon
44:26 Arrowslits
45:12 Architecture
48:13 Elite Skirmisher
48:31 Halberdier
49:36 Capped Ram
51:16 Siege Engineers
51:23 Elite Fire Lancer
Tchitchi d'Afflelou
9:55 Loom
12:31 Feudal Age
13:22 Arson
13:05 Man-at-Arms
21:02 Scale Mail Armor
29:58 Double-Bit Axe
32:52 Fishing Lines
48:16 Castle Age
49:29 Bow Saw
50:50 Gillnets
52:15 Wheelbarrow
52:51 Coinage
52:46 Hand Cart
Salvation
5:42 Loom
12:57 Feudal Age
13:28 Double-Bit Axe
20:14 Castle Age
29:35 Elite Skirmisher
34:17 Padded Archer Armor
52:25 Wheelbarrow
rikardo_latino
3:04 Loom
13:40 Feudal Age
14:52 Double-Bit Axe
17:37 Forging
19:35 Scale Barding Armor
20:11 Bloodlines
21:35 Wheelbarrow
24:40 Castle Age
23:35 Horse Collar
24:15 Stone Mining
24:15 Gold Mining
26:23 Hand Cart
25:54 Town Watch
26:59 Bow Saw
27:49 Chain Barding Armor
31:40 Iron Casting
34:51 Husbandry
39:23 Imperial Age
40:47 Plate Barding Armor
40:15 Elite Leitis
42:12 Conscription
44:37 Fletching
45:16 Tower Shields
45:21 Hill Forts
49:02 Heavy Plow
50:32 Two-Man Saw
51:19 Capped Ram
JuraRox
3:54 Loom
13:58 Feudal Age
17:40 Castle Age
15:48 Stone Mining
16:54 Double-Bit Axe
30:13 Gold Mining
30:35 Bow Saw
31:46 Fletching
34:33 Red Cliffs Tactics
35:17 Bodkin Arrow
35:25 Padded Archer Armor
36:36 Stone Shaft Mining
36:37 Gold Shaft Mining
35:47 Horse Collar
42:12 Town Watch
43:03 Wheelbarrow
42:30 Heavy Plow
42:16 Man-at-Arms
42:56 Squires
42:42 Arson
43:07 Long Swordsman
44:37 Ballistics
44:06 Pikeman
44:50 Scale Mail Armor
45:00 Forging
45:06 Leather Archer Armor
49:24 Chain Mail Armor
52:36 Hand Cart
RockAxe8716
5:35 Loom
13:58 Feudal Age
18:01 Castle Age
16:19 Double-Bit Axe
16:30 Horse Collar
20:52 Pikeman
23:32 Man-at-Arms
26:17 Bow Saw
32:15 Heavy Plow
33:45 Wheelbarrow
35:47 Fletching
35:57 Padded Archer Armor
36:34 Town Watch
38:01 Bodkin Arrow
39:19 Leather Archer Armor
39:08 Husbandry
39:19 Bloodlines
40:28 Tuntian
40:38 Thumb Ring
41:16 Gold Mining
41:16 Stone Mining
45:45 Imperial Age
44:36 Hand Cart
46:28 Town Patrol
52:46 Gold Shaft Mining
Technotronic
10:42 Loom
12:31 Feudal Age
17:45 Castle Age
15:54 Fletching
17:26 Horse Collar
17:34 Double-Bit Axe
18:14 Gold Mining
19:57 Bodkin Arrow
30:17 Wheelbarrow
31:17 Padded Archer Armor
31:41 Ballistics
31:59 Stone Mining
32:13 Town Watch
33:21 Bow Saw
34:58 Hand Cart
35:18 Heavy Plow
37:17 Leather Archer Armor
43:46 Imperial Age
42:06 Pikeman
42:47 Squires
44:23 Stone Shaft Mining
44:59 Conscription
44:40 Bracer
45:46 Chemistry
45:25 Hul'che Javelineers
46:43 Hoardings
46:50 Guilds
47:01 Elite Skirmisher
47:47 Thumb Ring
48:14 Ring Archer Armor
48:36 Elite Plumed Archer
49:44 Arson
51:13 Forging
el Paly
4:02 Loom
12:55 Feudal Age
13:43 Double-Bit Axe
13:39 Horse Collar
15:19 Forging
17:14 Scale Barding Armor
19:49 Bloodlines
25:04 Castle Age
25:29 Gold Mining
26:09 Husbandry
26:39 Heavy Plow
26:50 Bow Saw
28:51 Chain Barding Armor
31:39 Wheelbarrow
35:05 Imperial Age
32:21 Town Watch
34:11 Iron Casting
34:43 Hand Cart
35:18 Cavalier
36:34 Plate Barding Armor
36:59 Blast Furnace
37:03 Crop Rotation
41:10 Light Cavalry
42:31 Hussar
Connection lost

Rejoining the realm…

Still unreachable

The connection could not be restored.

Session expired

The server has moved on; the page needs a fresh start.